 Dungeon Crawl Stone Soup version 0.31.0-2-g5a2aebc5c2 (webtiles) character file.

Game seed: 15531299474772139525

3472 Mahakala the Basher (level 10, -1/59 HPs)
             Began as a Gargoyle Monk on Jan 21, 2024.
             Was a High Priest of Zin.
             Incinerated by a deep elf pyromancer (9 damage)
             ... with a pyre arrow
             ... on level 8 of the Dungeon.
             The game lasted 00:31:59 (8497 turns).

Mahakala the Basher (Gargoyle Monk)                 Turns: 8497, Time: 00:31:59

Health: -1/59      AC: 20    Str: 20    XL:     10   Next: 6%
Magic:  15/15      EV:  7    Int: 10    God:    Zin [*****.]
Gold:   243        SH:  9    Dex: 17    Spells: 9/9 levels left

rFire   . . .        A - +4 flail of Fimbulwinter {flame, rCorr Dex+5}
rCold   . . .        I - +0 kite shield
rNeg    + . .        k - +0 chain mail
rPois   ∞            s - +0 helmet
rElec   +            h - +0 cloak
rCorr   +            (no gloves)
SInv    .            H - +0 pair of boots
Will    .....        (no amulet) Stlth
                     (no ring)
HPRegen 0.29/turn    (no ring)
MPRegen 0.14/turn

%: no passive effects
@: on fire, on recite cooldown, glowing
A: sickness immunity, AC +7, negative energy resistance 1, electricity
resistance, torment resistance 1, petrification resistance
a: Renounce Religion, Recite, Vitalisation, Imprison, Sanctuary, Donate Gold


You were on level 8 of the Dungeon.
You worshipped Zin.
Zin was extremely pleased with you.
You visited 2 branches of the dungeon, and saw 9 of its levels.
You also visited: Sewer.

You collected 470 gold pieces.
You spent 180 gold pieces at shops.
You donated 47 gold pieces to Zin.

Inventory:

Hand Weapons
 a - a +0 mace
 b - a +0 sling
 t - a +5 trident of venom
 A - the +4 flail of Fimbulwinter (weapon) {flame, rCorr Dex+5}
   (You found it on level 6 of the Dungeon)

   Dex+5:     It affects your dexterity (+5).
   rCorr:     It protects you from acid and corrosion.
Missiles
 l - 9 atropa-tipped darts (quivered) {!f}
 y - a throwing net {!f}
Armour
 h - a +0 cloak (worn)
 k - a +0 chain mail (worn)
 s - a +0 helmet (worn)
 G - a +0 crystal plate armour
 H - a +0 pair of boots (worn)
 I - a +0 kite shield (worn)
Jewellery
 m - a +6 ring of intelligence
 r - a +5 ring of evasion
Wands
 d - a wand of iceblast (8)
Scrolls
 e - a scroll of fog
 f - a scroll of summoning {unknown}
 g - 7 scrolls of amnesia
 i - 2 scrolls of teleportation {@r4}
 p - a scroll of enchant armour {unknown}
 v - a scroll of noise {unknown}
 w - a scroll of blinking {unknown}
 E - a scroll of immolation {unknown}
 F - a scroll of enchant weapon {unknown}
 K - a scroll of fear {unknown}
Potions
 c - 2 potions of haste {@q3}
 j - a potion of cancellation
 n - 2 potions of mutation
 o - 2 potions of heal wounds {@q2}
 q - a potion of might {unknown}
 u - 2 potions of lignification {unknown}
 x - 2 potions of curing {@q1}
 z - a potion of attraction {unknown}
 B - a potion of resistance {unknown}
 C - a potion of invisibility {unknown}
 D - a potion of enlightenment
 J - 2 potions of brilliance {unknown}


   Skills:
 - Level 5.0 Fighting
 + Level 11.1 Maces & Flails
 - Level 5.0 Armour
 - Level 2.4 Dodging
 - Level 1.8 Stealth
 + Level 1.6 Shields
 - Level 7.0 Invocations


You had 9 spell levels left.
You didn't know any spells.
Your spell library contained the following spells:

 Spells                   Type           Power      Damage    Failure   Level
 Slow                     Hex            0%         N/A       100%        1
 Blink                    Tloc           0%         N/A       100%        2
 Ensorcelled Hibernation  Hex/Ice        0%         N/A       100%        2
 Lesser Beckoning         Tloc           0%         N/A       100%        2
 Momentum Strike          Conj/Tloc      0%         3d8       100%        2
 Confusing Touch          Hex            0%         N/A       100%        3
 Gell's Gravitas          Tloc           0%         N/A       100%        3
 Passwall                 Erth           0%         N/A       100%        3
 Sigil of Binding         Hex            0%         N/A       100%        3
 Swiftness                Air            0%         N/A       100%        3
 Teleport Other           Tloc           0%         N/A       100%        3
 Tukima's Dance           Hex            0%         N/A       100%        3
 Vampiric Draining        Necr           0%         2d6       100%        3
 Passage of Golubria      Tloc           0%         N/A       100%        4
 Yara's Violent Unravell  Hex/Alch       0%         3d3       100%        5
 Dispersal                Tloc           0%         N/A       100%        6


Dungeon Overview and Level Annotations

Branches:
Dungeon (8/15)             Temple (1/1) D:5           Sewer (visited)
   Lair: D:8-11

Altars:
Ashenzari
Dithmenos
Elyvilon
Fedhas
Gozag
Hepliaklqana
Kikubaaqudgha
Makhleb
Nemelex Xobeh
Okawaru
Ru
Sif Muna
Trog
Uskayaw
Vehumet
Wu Jian
Yredelemnul
Zin
The Shining One

Shops:
D:8 !

Annotations:
D:7 1 runed translucent door, Crazy Yiuf


Innate Abilities, Weirdness & Mutations

You are immune to sickness and miasma.
Your stone body is resilient. (AC +7)
You are immune to poison.
You resist negative energy. (rN+)
You are resistant to electric shocks. (rElec)
You are resistant to unholy torment.
You are immune to petrification.


Message History

A deep elf pyromancer is nearby!
Activating: Recite (0% risk of failure)
Press: ? - help, Dir - look around, f - activate You clear your throat and prepare to recite. "Only the pure shall be judged worthy, and..."
The deep elf pyromancer is dazed by your recitation.
The deep elf pyromancer shouts!
The deep elf pyromancer gestures wildly while chanting. "...all the squalid dregs will be found wanting.
Such is..."
The deep elf pyromancer casts a spell at you.
The pyre arrow hits you.
You are covered in intense liquid fire!
You hit the deep elf pyromancer but do no damage.
The liquid fire burns you! "...the word of Zin, and such is the law!"
You finish reciting Ablutions 19:30.
You block the fire elemental's attack. x2
The deep elf pyromancer hits you but does no damage.
You sock the deep elf pyromancer! You burn the deep elf pyromancer.
The deep elf pyromancer is moderately wounded.
The liquid fire burns you! The fire elemental hits you.
The fire elemental burns you! You block the fire elemental's attack.
The deep elf pyromancer is lost in a daze.
You sock the deep elf pyromancer! You burn the deep elf pyromancer.
The deep elf pyromancer is severely wounded.
The liquid fire burns you!
* * * LOW HITPOINT WARNING * * *
The fire elemental hits you. The fire elemental burns you!
* * * LOW HITPOINT WARNING * * *
You block the fire elemental's attack.
The deep elf pyromancer casts a spell at you.
The bolt of fire hits you!
* * * LOW HITPOINT WARNING * * *
The fire elemental hits you. The fire elemental burns you!
Zin protects you from harm!
You barely miss the deep elf pyromancer.
The deep elf pyromancer is severely wounded.
The liquid fire burns you!
You die...

......................##.........
............)......##............
....##.............##............
..)##...............#............
...)....###########.##...........
#.))....# +P..'..#.##...........
...)....# +...°°.#.#............
........#..+?.$eEE#..............
..#.....#..#'''#@.#.......##.....
#.......#..#...#..#.......###....
##......#..#...#..#..............
#.......#..#...#..#..............
##..#.#.#..#.>.#..#..............
##.#...#..#...#..#....##...#####
#####.#..8...8..#.....##..# #.
#................. #... ##
#######.###....... ....#


You could see a deep elf pyromancer (dazed) and 2 fire elementals.

Vanquished Creatures
  Maggie (D:7)
  A wyvern (D:7)
  Duvessa (D:6)
  A water moccasin (D:5)
  2 ice beasts
  A sky beast (D:4)
  An orc warrior (D:6)
  An ogre (D:7)
  5 bullfrogs
  2 gnoll sergeants
  4 scorpions
  12 wights
  Dowan (D:6)
  2 bombardier beetles
  5 jellies
  3 orc priests
  4 hounds
  A gnoll bouda (D:8)
  A sleepcap (D:6)
  5 iguanas
  An orc wizard (D:5)
  2 hound zombies (D:4)
  13 gnolls
  8 adders
  2 ufetubi (D:7)
  An adder zombie (D:4)
  4 dart slugs (Sewer)
  A ribbon worm (D:2)
  13 orcs
  6 bats
  9 endoplasms
  16 giant cockroaches
  9 goblins
  6 hobgoblins
  5 jackals (D:1)
  8 kobolds
  7 quokkas
  10 ball pythons
  13 frilled lizards
  2 quokka zombies (D:4)
  8 rats
198 creatures vanquished.

Vanquished Creatures (others)
  An arcanist (D:4)
1 creature vanquished.

Grand Total: 199 creatures vanquished

Notes
Turn   | Place    | Note
-------+----------+-------------------------------------------
     0 | D:1      | Mahakala the Gargoyle Monk began the quest for the Orb.
     0 | D:1      | Reached XP level 1. HP: 14/14 MP: 1/1
   124 | D:1      | Reached skill level 1 in Stealth
   147 | D:1      | Reached XP level 2. HP: 19/19 MP: 2/2
   409 | D:1      | Reached XP level 3. HP: 23/23 MP: 3/3
  1283 | D:2      | Found a faded altar of an unknown god.
  1548 | D:3      | Reached skill level 1 in Armour
  1563 | D:3      | Found a broken altar of Ashenzari.
  1683 | D:3      | Reached skill level 4 in Maces & Flails
  1683 | D:3      | Reached XP level 4. HP: 26/28 MP: 4/4
  1768 | D:3      | Found a glowing drain.
  1785 | Sewer    | Entered a sewer
  1926 | Sewer    | Reached XP level 5. HP: 32/32 MP: 5/5
  2036 | Sewer    | Reached skill level 5 in Maces & Flails
  2132 | Sewer    | Reached XP level 6. HP: 25/37 MP: 6/6
  2695 | D:3      | Found a shadowy altar of Dithmenos.
  3282 | D:4      | Noticed a sky beast
  3299 | D:4      | Killed a sky beast
  3327 | D:4      | Found a bloodstained altar of Trog.
  3329 | D:4      | Noticed a wizard
  3333 | D:4      | Killed a wizard
  3343 | D:4      | Reached skill level 6 in Maces & Flails
  3516 | D:4      | Reached XP level 7. HP: 34/41 MP: 7/7
  3610 | D:4      | Found a basalt altar of Yredelemnul.
  3807 | D:5      | Entered Level 5 of the Dungeon
  3836 | D:5      | Found a staircase to the Ecumenical Temple.
  3843 | Temple   | Entered the Ecumenical Temple
  3849 | Temple   | Became a worshipper of Zin the Law-Giver
  3849 | Temple   | Reached * piety under Zin
  3849 | Temple   | Reached ** piety under Zin
  4044 | D:5      | Reached *** piety under Zin
  4193 | D:5      | Reached skill level 1 in Invocations
  4244 | D:5      | Reached skill level 7 in Maces & Flails
  4778 | D:5      | Reached XP level 8. HP: 48/48 MP: 10/10
  5058 | D:6      | Noticed Dowan
  5084 | D:6      | Killed Dowan
  5147 | D:6      | Reached skill level 5 in Armour
  5301 | D:6      | Identified the +4 flail of Fimbulwinter {flame, rCorr
                  | Dex+5}
  5396 | D:5      | Reached skill level 5 in Fighting
  5803 | D:6      | Reached skill level 5 in Invocations
  5870 | D:6      | Found a shimmering blue altar of Sif Muna.
  5874 | D:6      | Noticed Duvessa
  5888 | D:6      | Killed Duvessa
  5889 | D:6      | Reached skill level 8 in Maces & Flails
  6052 | D:6      | Reached XP level 9. HP: 54/54 MP: 13/13
  6309 | D:6      | Found an opulent altar of Gozag.
  6317 | D:6      | Reached **** piety under Zin
  6822 | D:7      | Found a runed translucent door.
  6823 | D:7      | Noticed Crazy Yiuf
  6860 | D:7      | Noticed Maggie
  7003 | D:7      | Found an ornate altar of the Wu Jian Council.
  7343 | D:7      | Reached skill level 9 in Maces & Flails
  7452 | D:7      | Found a radiant altar of Vehumet.
  7461 | D:7      | Killed Maggie
  7631 | D:7      | Reached skill level 10 in Maces & Flails
  8038 | D:8      | Found Fyonoaps's Distillery.
  8096 | D:8      | Bought a potion of haste for 120 gold pieces
  8096 | D:8      | Bought a potion of enlightenment for 60 gold pieces
  8245 | D:7      | Reached XP level 10. HP: 57/59 MP: 15/15
  8307 | D:8      | Reached skill level 11 in Maces & Flails
  8345 | D:8      | Reached skill level 1 in Shields
  8357 | D:8      | Reached ***** piety under Zin
  8487 | D:8      | Noticed a deep elf pyromancer
  8496 | D:8      | Zin protects you from harm!
  8497 | D:8      | Incinerated by a deep elf pyromancer

Illustrated notes

Levels and vault maps discovered:
D:1:      saegor_arrival_miasma, layout_basic, minmay_distorted
D:2:      layout_basic, ebering_ecumenical_altar_hall,
          nicolae_elevator_lobby_asterisk
D:3:      layout_loops_corners, mainiacjoe_overflow_surrounded_room,
          old_standard_altar, gup_sewer_entry_pipe
D:4:      layout_rooms, trog_wizard, nicolae_yredelemnul_corpse_copse
D:5:      layout_basic, minmay_temple_entry_glassed_door
D:6:      layout_loops_corners, mainiacjoe_overflow_alcove_1,
          mainiacjoe_overflow_brackets, uniq_duvessa
D:7:      layout_loops_ring, nicolae_overflow_crystal_walls,
          fiery_altar_vehumet, uniq_maggie, uniq_crazy_yiuf_cottage
D:8:      layout_cave_pools, serial_gnoll_camp, gnoll_camp_mini_hut,
          gnoll_camp_mini_hut, gnoll_camp_mini_shop, gnoll_camp_mini_hut,
          gnoll_camp_mini_doghouse, guppyfry_early_elven_hall
Temple:   chequers_temple_sunken

Skill      XL: |  1  2  3  4  5  6  7  8  9 10 |
---------------+-------------------------------+-----
Stealth        | 1 |  1.8
Armour         | 1 2 3 4 5 |  5.0
Maces & Flails | 4 5 6 7 8 10 11 | 11.1
Invocations    | 3 5 7 |  7.0
Fighting       | 4 5 |  5.0
Shields        | 1 |  1.6
Dodging        | |  2.4

Action                     |  1- 3 |  4- 6 |  7- 9 | 10-12 || total
---------------------------+-------+-------+-------+-------++-------
  Melee: Mace              |   120 |   170 |   186 |       ||   476
         Flail             |       |       |   147 |    30 ||   177
   Fire: Sling             |       |    16 |     5 |       ||    21
  Throw: Dart              |       |       |     1 |       ||     1
 Invoke: Recite            |       |       |    13 |     2 ||    15
         Vitalisation      |       |       |     2 |       ||     2
    Use: Scroll            |       |     4 |     6 |       ||    10
         Potion            |       |     1 |       |       ||     1
   Stab: Confused          |       |       |     1 |       ||     1
         Paralysed         |       |       |     1 |     2 ||     3
         Invisible         |       |       |       |     1 ||     1
 Armour: Robe              |     8 |       |       |       ||     8
         Leather armour    |    10 |       |       |       ||    10
         Chain mail        |    52 |   170 |   244 |    30 ||   496
  Dodge: Dodged            |    55 |   113 |   130 |     5 ||   303
  Block: Kite shield       |       |       |       |    27 ||    27
